 Dungeon Crawl Stone Soup version 0.27.1-37-g7b29ead8ac (webtiles) character file.

Game seed: 17919316107591089332

151 tkbsonic5 the Poker (level 5, -16/43 HPs)
             Began as a Merfolk Abyssal Knight on July 11, 2023.
             Was a Believer of Lugonu.
             Demolished by an ogre (23 damage)
             ... on level 4 of the Dungeon.
             The game lasted 00:06:33 (2933 turns).

tkbsonic5 the Poker (Merfolk Abyssal Knight)        Turns: 2933, Time: 00:06:34

Health: -16/43     AC:  7    Str: 13    XL:     5   Next: 33%
Magic:  4/6        EV: 13    Int: 11    God:    Lugonu [**....]
Gold:   133        SH:  0    Dex: 14    Spells: 4/4 levels left

rFire    . . .     SeeInvis .   a - +2 spear {dominant species}
rCold    . . .     Faith    .   (no shield)
rNeg     . . .     Spirit   .   d - +3 leather armour
rPois    +         Reflect  .   (no helmet)
rElec    .         Harm     .   h - +0 cloak
rCorr    .         Rampage  .   (no gloves)
Will     .....                  (no boots)
Stlth    +.........             (no amulet)
HPRegen  0.14/turn              g - ring of poison resistance
MPRegen  0.10/turn              (no ring)

@: no status effects
A: (nimble swimmer 2), mertail
a: Renounce Religion, Depart the Abyss, Bend Space


You were on level 4 of the Dungeon.
You worshipped Lugonu.
Lugonu was pleased with you.
You visited 1 branch of the dungeon, and saw 4 of its levels.
You visited the Abyss 1 time.

You collected 133 gold pieces.

Inventory:

Hand Weapons
 a - a +2 spear (weapon) {dominant species}
 n - a +0 trident
Armour
 b - a +0 leather armour
 c - a +0 ring mail
 d - a +3 leather armour (worn)
 h - a +0 cloak (worn)
 i - a +0 chain mail
Jewellery
 g - a ring of poison resistance (left hand)
Scrolls
 e - 3 scrolls of teleportation
Potions
 m - 3 potions of flight


   Skills:
 * Level 4.4 Fighting
 * Level 5.1 Polearms
 - Level 0.6 Armour
 * Level 4.6 Dodging
 - Level 2.0 Invocations


You had 4 spell levels left.
You didn't know any spells.
Your spell library contained the following spells:

 Spells                   Type           Power      Damage    Failure   Level
 Summon Small Mammal      Summ           0%         N/A       41%         1
 Call Canine Familiar     Summ           0%         N/A       80%         3
 Summon Guardian Golem    Hex/Summ       0%         N/A       80%         3


Dungeon Overview and Level Annotations

Branches:
Dungeon (4/15)
 Temple: D:4-7

Altars:
Yredelemnul

Annotations:
D:4 Menkaure


Innate Abilities, Weirdness & Mutations

((You are quick and stealthy near water. (Stealth+, EV+, Speed+++)))
Your lower body shifts to a powerful aquatic tail in water.


Message History

It was a potion of brilliance.
You feel clever all of a sudden.
You start waiting.
You feel a little less clever now.
There is a stone staircase leading down, spattered with blood here.
You climb downwards.
Level annotation: Menkaure
There is a stone staircase leading up here.
You start waiting.
An ogre is nearby!
Okay, then.
You reach to attack!
You hit the ogre.
The ogre is moderately wounded.
You reach to attack!
You hit the ogre.
The ogre is moderately wounded.
Space bends around you!
You blink.
You reach to attack!
You hit the ogre.
The ogre is heavily wounded.
You hit the ogre.
The ogre is severely wounded.
The ogre barely misses you.
You hit the ogre.
The ogre is severely wounded.
Space bends around you!
You blink.
You reach to attack!
You hit the ogre.
The ogre is almost dead.
You hit the ogre but do no damage.
The ogre is almost dead.
The ogre hits you with a +0 giant club!
You hit the ogre.
The ogre is almost dead.
The ogre hits you with a +0 giant club!!
* * * LOW HITPOINT WARNING * * *
You are too injured to fight recklessly!
Space bends around you!
You blink.
You see here a +0 falchion.
There is a stone staircase leading up here.
The ogre hits you with a +0 giant club!!
Ouch! That really hurt!
You die...

##....>.....#......###
...#...###..######...##
.....#.###..## ##.....##
#.#.##.##....###.......#
#.#..#....##...........#
..
..##.##..#######.......#
.. .###.....#
#......##.# . #..##.#
#.........# . #...#.#
#@O.....#### #.#.#.
#..........# #.#.#..##
##......###.# ..#.## ...
#..#....# .###.#
###.##.####..# . #.#
#......###..### . #.#
#.............## .
#<###..............# ...
#..##...............


You could see an ogre.

Vanquished Creatures
  An orc priest (D:3)
  An orc wizard (D:3)
  3 adders
  A worm (D:2)
  3 dart slugs
  2 orcs
  2 ball pythons (D:1)
  4 endoplasms
  7 giant cockroaches
  5 goblins
  3 hobgoblins
  3 jackals (D:4)
  4 kobolds
  2 quokkas
  8 bats
  4 frilled lizards (D:1)
  A rat (D:3)
54 creatures vanquished.

Vanquished Creatures (others)
  3 palentongas (D:1)
  A troll (D:1)
  A formicid (D:1)
  2 humans (D:1)
  A naga (D:1)
  A demigod (D:1)
  A barachi (D:1)
  A mummy (D:1)
  An orc (D:1)
  2 demonic plants (D:1)
  5 tentacles (D:1)
19 creatures vanquished.

Grand Total: 73 creatures vanquished

Notes
Turn   | Place    | Note
-------+----------+-------------------------------------------
     0 | Abyss:1  | tkbsonic5 the Merfolk Abyssal Knight began the quest for
                  | the Orb.
     0 | Abyss:1  | Reached XP level 1. HP: 18/18 MP: 2/2
     8 | Abyss:1  | Found a hide-covered altar of Uskayaw.
    19 | D:1      | Escaped the Abyss
    19 | D:1      | Noticed a human
    19 | D:1      | Noticed a palentonga
    19 | D:1      | Noticed a human
    19 | D:1      | Noticed a demigod
    19 | D:1      | Noticed a palentonga
    19 | D:1      | Noticed a kraken
    19 | D:1      | Noticed a palentonga
    19 | D:1      | Noticed a naga
    19 | D:1      | Noticed a barachi
    19 | D:1      | Noticed a troll
    19 | D:1      | Noticed a formicid
    23 | D:1      | Killed a naga
    23 | D:1      | Killed a formicid
    24 | D:1      | Killed a demigod
    26 | D:1      | Killed a human
    26 | D:1      | Killed a troll
    27 | D:1      | Killed a palentonga
    28 | D:1      | Killed a human
    30 | D:1      | Killed a palentonga
    30 | D:1      | Killed a barachi
    31 | D:1      | Killed a palentonga
   145 | D:1      | Reached XP level 2. HP: 2/24 MP: 3/3
   474 | D:1      | Found a faded altar of an unknown god.
   880 | D:2      | Reached XP level 3. HP: 29/29 MP: 4/4
   927 | D:2      | Reached skill level 4 in Polearms
  1073 | D:2      | Reached ** piety under Lugonu
  1266 | D:2      | Reached XP level 4. HP: 36/37 MP: 5/5
  2010 | D:3      | Found a basalt altar of Yredelemnul.
  2141 | D:4      | Noticed Menkaure
  2282 | D:3      | Reached XP level 5. HP: 28/43 MP: 6/6
  2285 | D:3      | Reached skill level 5 in Polearms
  2640 | D:4      | Noticed an ogre
  2659 | D:4      | Noticed an ogre
  2933 | D:4      | Demolished by an ogre

Illustrated notes

Levels and vault maps discovered:
D:1:      nicolae_arrival_kraken_aquarium_a, layout_rooms,
          shapermc_ecumenical_altar_gd
D:2:      layout_rooms
D:3:      layout_basic, nicolae_overflow_crystal_walls
D:4:      layout_rooms, kennysheep_little_box, uniq_menkaure

Skill      XL: |  1  2  3  4  5 |
---------------+----------------+-----
Dodging        | 3 4 |  4.6
Polearms       | 4 5 |  5.1
Fighting       | 4 |  4.4
Armour         | |  0.6
Invocations    | |  2.0

Action                   |  1- 3 |  4- 6 || total
-------------------------+-------+-------++-------
Melee: Spear             |   131 |    85 ||   216
       Trident           |       |     9 ||     9
Invok: Bend Space        |       |     4 ||     4
  Use: Scroll            |     1 |     6 ||     7
       Potion            |       |     2 ||     2
Armor: Leather armour    |    17 |       ||    17
       Ring mail         |    12 |     6 ||    18
       Chain mail        |       |    42 ||    42
Dodge: Dodged            |    83 |    24 ||   107
